Cogmind - Beta 16 *** ADVENTURER MODE // 2025.12.01 @ 21:02:01 Player: Darrellet86 Result: Destroyed by as-95392 with Assembled F-torch Performance ------------- Evolutions (0) 0 Regions Visited (2) 400 Robots Destroyed (15) 75 Value Destroyed (162) 162 Prototype IDs (0) 0 Alien Tech Used (0) 0 Bonus (0) 0 TOTAL SCORE: 637 Bonus ------- None Cogmind --------- Core Integrity 0/250 Matter 163/300 Energy 100/100 System Corruption 1% Temperature Cool (20) Movement Core (750) Ox14 Location -10/Mines Parts ------- > --- POWER (1) -------- (None) > --- PROPULSION (2) --- Light Treads Light Treads > --- UTILITY (2) ------ High-capacity Storage Unit Improved Terrain Scanner > --- WEAPON (2) ------- Assault Rifle Assault Rifle > --- INVENTORY (20) --- Aluminum Leg Medium Storage Unit Medium Matter Pod (0) Medium Matter Pod (0) Improved Terrain Scanner Seismic Detector EM Pulse Gun Assault Rifle Assault Rifle Assault Rifle Assault Rifle Light Assault Rifle Datajack Datajack Datajack Datajack Peak State ------------ > --- POWER ------------ Ion Engine > --- PROPULSION ------- Light Treads Light Treads > --- UTILITY ---------- High-capacity Storage Unit Improved Terrain Scanner > --- WEAPON ----------- EM Pulse Gun Datajack > --- INVENTORY -------- Ion Engine Aluminum Leg Aluminum Leg Medium Storage Unit Improved Terrain Scanner Seismic Detector Assault Rifle Assault Rifle Assault Rifle Assault Rifle Assault Rifle Assault Rifle Assault Rifle Assault Rifle Light Assault Rifle Datajack Datajack Datajack [Rating: 11] Favorites ----------- Power Ion Engine Engine Ion Engine Propulsion Light Treads Treads Light Treads Leg Aluminum Leg Utility Improved Terrain Scanner Device Improved Terrain Scanner Storage High-capacity Storage Unit Weapon Assault Rifle Energy Gun EM Pulse Gun Ballistic Gun Assault Rifle Special Melee Weapon Datajack Build | -11 -10 -10 ------- Run | Yrd Mat Min Slots Evolved . | . . . Power . | . . . Propulsion . | . . . Utility . | . . . Weapon . | . . . Parts Attached 18 | 7 7 4 Power 2 | 1 . 1 Engine 2 | 1 . 1 Core . | . . . Reactor . | . . . Propulsion 4 | 2 2 . Treads 2 | 2 . . Leg 2 | . 2 . Wheel . | . . . Hover . | . . . Flight . | . . . Utility 3 | 2 1 . Device 1 | 1 . . Storage 2 | 1 1 . Processor . | . . . Hackware . | . . . Protection . | . . . Artifact . | . . . Weapon 9 | 2 4 3 Energy Gun 1 | . 1 . Energy Cannon . | . . . Ballistic Gun 7 | 2 2 3 Ballistic Cannon . | . . . Launcher . | . . . Special Weapon . | . . . Impact Weapon . | . . . Slashing Weapon . | . . . Piercing Weapon . | . . . Special Melee Weapon 1 | . 1 . Unidentified Prototypes . | . . . Parts Lost 3 | . . 3 Power 1 | . . 1 Propulsion 1 | . . 1 Utility . | . . . Weapon 1 | . . 1 Highest Loss Streak 1 | . . 1 To Critical Strikes . | . . . Average Backups 13 | 3 14 17 Power . | 1 1 . Propulsion 1 | 1 2 1 Utility 3 | . 3 5 Weapon 4 | . 5 7 Tool/Special . | . . . Unused Backups 12 | . 1 11 Power 1 | . 1 . Propulsion . | . . . Utility 5 | . . 5 Weapon 3 | . . 3 Tool/Special 3 | . . 3 Average Slot Usage (%) 99 | . 100 97 Engine 13 | . 14 13 Treads 15 | . 14 15 Leg 12 | . 13 10 Device 14 | . 14 14 Storage 14 | . 14 14 Energy Gun 5 | . 5 3 Ballistic Gun 13 | . 11 24 Special Melee Weapon 9 | . 10 . Peak Build Rating 11 | 9 11 11 Average Rating 9 | 5 10 10 On Entrance 6 | . 9 11 Avg Prop Armor Cover (%) 10 | . . 10 Naked Turns . | . . . Heaviest Build 50 | 13 50 50 Greatest Support 40 | 40 40 40 Greatest Overweight (x) 4 | . 2 4 Average Overweight (x) 1 | . 1 1 Largest Inventory Capacity 20 | 8 20 20 Average Capacity 17 | 7 18 20 Most Carried 20 | 6 20 20 Average Carried 13 | 3 14 17 Final Capacity 20 | 8 20 20 Final Carried 20 | 5 20 16 Class Distribution -------------------- 100% | Mutant Dominant Class ---------------- Mutant | -10/Materials Mutant | -10/Mines Resources | -11 -10 -10 ----------- Run | Yrd Mat Min Matter Collected 552 | 302 109 141 Remotely . | . . . Salvage Created 537 | 168 186 183 Parts 31 | 12 14 5 Haulers Intercepted . | . . . Recyclers Shooed 1 | . . 1 Parts Field Recycled . | . . . Retrieved Matter . | . . . Parts Self-Destructed . | . . . Prevented . | . . . Parts Restored . | . . . Kills | -11 -10 -10 ------- Run | Yrd Mat Min Combat Hostiles Destroyed 14 | . 3 11 Guns 14 | . 3 11 Classes Destroyed 7 | 3 2 2 Worker 5 | 2 3 . Builder 1 | . . 1 Tunneler 5 | 3 2 . Recycler 1 | 1 . . Swarmer 1 | . 1 . Grunt 2 | . 2 . Assembled 11 | . . 11 Best Kill Streak 9 | 2 3 9 Combat Bots Only 8 | . 2 8 Max Kills in Single Turn 2 | 1 2 1 Gunslinging . | . . . Exploded . | . . . Melee . | . . . Uniques/NPCs Destroyed . | . . . Combat | -11 -10 -10 -------- Run | Yrd Mat Min Hostile Shots Fired 104 | . 40 64 Missed 23 | . 13 10 Hits 81 | . 27 54 Melee 5 | . . 5 Projectile 76 | . 27 49 AOE 5 | . . 5 Part Disruptions 4 | . . 4 Damage Taken 1132 | . 401 731 Core 254 | . 49 205 Absorbed by Shields . | . . . Ignored by Resistances 324 | . 114 210 Core Remaining (%) 100 | 100 . . Volleys Fired 73 | 16 23 34 Largest 2 | 2 2 2 Hottest 60 | 40 40 60 Shots Fired 129 | 32 35 62 Gun 129 | 32 35 62 Cannon . | . . . Launcher . | . . . Special . | . . . Kinetic 116 | 32 27 57 Thermal . | . . . Explosive . | . . . Electromagnetic 13 | . 8 5 Robot Hit Streak 24 | 18 24 10 Robot Miss Streak 3 | 1 1 3 Penetration Max . | . . . Secondary Targets 3 | . . 3 Max Gunslinging Chain 1 | . . 1 Shots Hit Robots 108 | 27 32 49 Core Hits 49 | 11 11 27 Critical Kills . | . . . Critical Parts Destroyed . | . . . Critical Strikes . | . . . Melee Attacks 3 | . 3 . Impact . | . . . Slashing . | . . . Piercing . | . . . Sneak Attacks 3 | . 3 . Combat Hostiles . | . . . Follow-up Attacks . | . . . Damage Inflicted 1367 | 224 560 583 Guns 1186 | 224 379 583 Cannons . | . . . Explosions 181 | . 181 . Melee . | . . . Ramming . | . . . Kinetic 1071 | 224 286 561 Thermal 181 | . 181 . Explosive . | . . . Electromagnetic 115 | . 93 22 Impact . | . . . Slashing . | . . . Piercing . | . . . Highest Corruption 1 | . . 1 Average Corruption 1 | . . 1 Corruption Purged . | . . . Corruption Blocked . | . . . Effects 1 | . . 1 Matter Fused 1 | . . 1 Overload Shots . | . . . Overflow Damage . | . . . Projectiles . | . . . Explosions . | . . . Melee . | . . . Knockbacks . | . . . Impact . | . . . Kinetic . | . . . Secondary . | . . . Self-Inflicted Damage 165 | . 165 . Shots 3 | . 3 . Rammed . | . . . Targets Rammed . | . . . Kicked . | . . . Crushed . | . . . Highest Temperature 36 | . 36 20 Average Temperature 12 | . 15 8 Received Heat Transfer 380 | . 120 260 Siege Activations . | . . . Martial Activations . | . . . Shielding Activations . | . . . Robots Disrupted . | . . . Combat Hostiles . | . . . Robots Corrupted . | . . . Combat Hostiles . | . . . Parts Fried . | . . . Impact Corruptions . | . . . Robots Melted . | . . . Combat Hostiles . | . . . Parts Melted . | . . . Heat Transferred 150 | . 150 . Parts Sabotaged . | . . . Parts Stolen . | . . . Parts Stripped . | . . . Power Chain Reactions 2 | . 2 . Alert | -11 -10 -10 ------- Run | Yrd Mat Min Maximum Alert Level . | . . . Low Security (%) 100 | 100 100 100 Level 1 . | . . . Level 2 . | . . . Level 3 . | . . . Level 4 . | . . . Level 5 . | . . . High Security . | . . . Max Security . | . . . Peak Influence 56 | 10 56 5 Initial 2 | . 2 . Average 5 | 2 6 . Influence Increases 195 | 30 160 5 Destroy 0b10 Robot/C 60 | . 60 . Destroy 0b10 Robot/NC 60 | 30 25 5 Destroy Leader 10 | . 10 . Successful Hack 3 | . 3 . Disable Machine 18 | . 18 . Destroy Structure 29 | . 29 . Lose Combat Pursuer 15 | . 15 . Influence Decreases 195 | 25 165 5 Entered New Map 3 | . 3 . Time Decay 192 | 25 162 5 Squads Dispatched . | . . . Investigation . | . . . Extermination . | . . . Reinforcement . | . . . Assault . | . . . Garrison . | . . . Intercept . | . . . Searches Triggered . | . . . Construction Impeded . | . . . Haulers Reinforced . | . . . Active Scanning Responses . | . . . Cargo Convoy Interrupts . | . . . Stealth | -11 -10 -10 --------- Run | Yrd Mat Min Distress Signals . | . . . Communications Jammed . | . . . Distress Signals . | . . . Times Spotted 25 | . 5 20 Peak Tracking Total 9 | . 2 9 Tactical Retreats 5 | . 1 4 Traps | -11 -10 -10 ------- Run | Yrd Mat Min Traps Triggered . | . . . Indirectly . | . . . Trap Hack Attempts . | . . . Triggered . | . . . Disarmed . | . . . Reprogrammed . | . . . Reused . | . . . Traps Extracted . | . . . Installed . | . . . Triggered . | . . . Machines | -11 -10 -10 ---------- Run | Yrd Mat Min Machines Disabled 2 | . 2 . Max in Single Turn 2 | . 2 . Machines Repaired . | . . . Machines Dismantled . | . . . Machines Sabotaged . | . . . Overloaded Fab Kills . | . . . Hacking | -11 -10 -10 --------- Run | Yrd Mat Min Machines Accessed 3 | . 3 . Terminals 3 | . 3 . Fabricators . | . . . Repair Stations . | . . . Recycling Units . | . . . Scanalyzers . | . . . Garrison Access . | . . . Total Hacks 8 | . 8 . Successful 2 | . 2 . Failed 6 | . 6 . Catastrophic . | . . . Database Lockouts . | . . . Manual 4 | . 4 . Terminals 8 | . 8 . Fabricators . | . . . Repair Stations . | . . . Recycling Units . | . . . Scanalyzers . | . . . Garrison Access . | . . . Terminal Hacks 2 | . 2 . Emergency Access Points 2 | . 2 . Fabricator Hacks . | . . . Repair Station Hacks . | . . . Recycling Unit Hacks . | . . . Scanalyzer . | . . . Garrison Access Hacks . | . . . Unauthorized Hacks . | . . . Terminals . | . . . Fabricators . | . . . Repair Stations . | . . . Recycling Units . | . . . Scanalyzers . | . . . Garrison Access . | . . . Data Cores Recovered . | . . . Used . | . . . Hacking Detections 2 | . 2 . Full Trace Events . | . . . Feedback Events . | . . . Feedback Blocked . | . . . Robot Schematics Acquired . | . . . Robots Built . | . . . Authchips . | . . . Time . | . . . Total Robot Build Rating . | . . . Part Schematics Acquired . | . . . Parts Built . | . . . Authchips . | . . . Time . | . . . Total Part Build Rating . | . . . Part Studies Acquired . | . . . Parts Repaired . | . . . Time . | . . . Parts Recycled . | . . . Recycled Matter . | . . . Retrieved Matter . | . . . Retrieved Components . | . . . Parts Scanalyzed . | . . . Part Schematics Acquired . | . . . Parts Damaged . | . . . Bothacking | -11 -10 -10 ------------ Run | Yrd Mat Min Used RIF Installer . | . . . Robots Hacked 1 | . 1 . Non-combat 1 | . 1 . Combat . | . . . Robot Hacks Applied 1 | . 1 . parse_system 1 | . 1 . Relay Couplers Released . | . . . Fabnet Peak Effective % . | . . . Robots Rewired . | . . . Allies Hacked . | . . . Hacks Repelled . | . . . Allies | -11 -10 -10 -------- Run | Yrd Mat Min Total Allies . | . . . Largest Group . | . . . Highest-Rated Group . | . . . Highest-Rated Ally . | . . . Total Orders . | . . . Ally Attacks . | . . . Total Damage . | . . . Kills . | . . . Allies Corrupted . | . . . Allies Melted . | . . . Intel | -11 -10 -10 ------- Run | Yrd Mat Min Active Infowar (turns) 1418 | 34 1174 210 Terrain 1418 | 34 1174 210 Robot Analysis Total . | . . . Derelict Logs Recovered . | . . . Drone Launches . | . . . Drone Recoveries . | . . . Exploration | -11 -10 -10 ------------- Run | Yrd Mat Min Turns Passed 1516 | 132 1174 210 Spaces Moved 548 | 46 465 37 Core 2 | 2 . . Treads 331 | 44 268 19 Legs 215 | . 197 18 Wheels . | . . . Hover . | . . . Flight . | . . . Fastest Speed 50 | 50 160 240 Average Speed 229 | 155 232 281 Slowest Speed 400 | 160 260 400 Overloaded Moves . | . . . Propulsion Burnouts . | . . . Robots Hopped . | . . . Potential Cave-ins . | . . . Cave-ins Triggered . | . . . Exploration Rate (%) 12 | 6 26 6 Regions Visited 2 Branch Regions 1 Pre-discovered Areas . | . . . Known Exits Taken . | . . . Unknown Exits Taken 2 | 1 1 . Scrap Searched . | . . . Spaces Dug . | . . . Terrain Destroyed 34 | . 34 . Melee . | . . . Projectile . | . . . AOE 34 | . 34 . Terrain Rammed . | . . . Walls Destroyed . | . . . Machines Disabled . | . . . Actions | -11 -10 -10 --------- Run | Yrd Mat Min Total 683 | 81 521 81 Wait 4 | 2 1 1 Move 546 | 45 464 37 Hop . | . . . Pick Up 30 | 11 19 . Fast Attach 1 | 1 . . Attach 9 | 6 . 3 Detach . | . . . Swap 11 | . 7 4 Drop 6 | . 4 2 Fire 73 | 16 23 34 Melee 3 | . 3 . Ram . | . . . Kick . | . . . Crush . | . . . Escape Stasis . | . . . Rewire . | . . . Trap . | . . . Miscellaneous . | . . . Route ------- -11/Scrapyard -10/Materials (discovered 2 exits: [*Min] / [Sub]) -10/Mines History --------- Turn | Location | Event 9 | -11/Scrapyard | Discovered new exit (range 15) 133 | -11/Scrapyard | Entered Materials 180 | -10/Materials | Discovered new exit (range 4) 252 | -10/Materials | Discovered new exit (range 6) 316 | -10/Materials | Build established: Mutant 1307 | -10/Materials | Entered Mines 1308 | -10/Mines | Assembled infested the area 1349 | -10/Mines | Core integrity fell below 50% 1453 | -10/Mines | Destroyed 8 combat bots 1464 | -10/Mines | Core integrity fell below 20% 1517 | -10/Mines | Destroyed by as-95392 with Assembled F-torch Last Messages --------------- 01423_ Acquired 10 matter. 01425_ Assault Rifle destroyed. 01427_ System corrupted: Matter fused (-10). 01432_ as-80727 destroyed. 01435_ Acquired 41 matter. 01438_ Acquired 13 matter. 01440_ Acquired 11 matter. 01443_ R-06 Scavenger collects Terrain Scan Processor. 01445_ U-05 Engineer builds a Wall. 01445_ Acquired 8 matter. 01447_ R-06 Scavenger collects Terrain Scanner. 01447_ U-05 Engineer destroyed. 01447_ Switching to secondary target: as-10192. 01450_ Acquired 29 matter. 01484_ as-10192 destroyed. 01490_ as-57039 destroyed. 01490_ Switching to secondary target: as-82223. 01493_ as-82223 destroyed. 01500_ Ion Engine destroyed. Map ----- +----------------------------------------------------+ | | | | | | | | | ?????????????????????????????????#??#????????????? | | ?????????????????????????????#?????#?????##??????? | | ?????????????????????????????????#???????????????? | | ??????????????????????#??#??#??#?????#?????#?????? | | ????????????????????????###???#???????????#??????? | | ??????????????????????????????#????????# ????? ??? | | ????????????????????????#?##??????????#??#??#????? | | ???????????????????###???#??#??#######?? ##??#??#? | | ???????????????????????????#?### ### #???????? | | ???????????????? ????????#???## #???????? | | ????????????????????????#?#### # #?????? ??? | | ??????????????????? ??#??## ## ## # ##?? ??? | | ??????????????????????#?## ####### #???? ??#?? | | ????????????????? ??????# == !! ##??? ????? | | ??????????????#???????#?# ###* ###???#?????? | | ?????????????????? ????### ### #?????#????? | | ???????????????????? ????##%### ##?????#??#?? | | ???????????????????#??????#%### ## #???????????? | | ??????????????????????????# #?###### #??####?????# | | ??????????????????????#???# #??#???# #### ##????? | | ?????????????##??## ?######a#?#?#?## ##???? | | ?????????????????????# @a #??????##### #????? | | ?????????????????????# ######??????????# #???? | | ??????????????? ?#???????#???##?##?????# #???? | | ?????????????????????????#?????????????## ##???? | | ????????????????????????#???##?##???????#####????? | | ????????????????????#?????#?#???#???##????#??????? | | ????????????????#??????#???#????#??#?#???????????? | | ?????????????????????????????????????????????????? | | ???????????????????????#??????????? ?????????????? | | ????????????????????????????????#???????????? ???? | | ????????????????? ???????#??????#????????????????? | | ?????????????????????#?????????????????????? ????? | | ????????????????????????????????#????????????????? | | ?????????????????????????????????????????????????? | | ?????????????????????????????????????????????????? | | ?????????????????????????????????????????????????? | | ?????????????????????????????????????????????????? | | ?????????????????????????????????????????????????? | | ?????????????????????????????????????????????????? | | ?????????????????????????????????????????????????? | | ?????????????????????????????????????????????????? | | ?????????????????????????????????????????????????? | | ?????????????????????????????????????????????????? | | ?????????????????????????????????????????????????? | | ?????????????????????????????????????????????????? | +----------------------------------------------------+ Best States ------------- Heat Dissipation 25 Energy Generation 10 Energy Capacity 250 Matter Stores 300 Matter Capacity 300 Sight Range 16 Terrain Scan Range 16 Terrain Scan Density 10 Resistance: KI 20 Resistance: TH 20 Resistance: EX 20 Resistance: EM 20 Resistance: I 20 Resistance: S 20 Resistance: P 20 Evasion (%) 40 Recoil Reduction 2 Offensive Hacking 10 Item Schematics ----------------- None Robot Schematics ------------------ None Fabricated ------------ Nothing Repaired ---------- Nothing Studied --------- None Alien Tech Used ----------------- None Achievements -------------- None Challenges ------------ None Game ------ Seed FlightNanofilamentsMonowheel Manual? 0 Play Time 00:19:23 Cumulative 3.7 hours Start 2025.12.01 @ 20:41:57 End 2025.12.01 @ 21:02:01 Sessions 1 Manual Loads 0 Difficulty Adventurer Special Mode None Game No. 7 Rogue 5 Adventurer 2 Explorer 0 Win Type - Total 0 Types 0/0/0/0/0/0/0/0/0/0 Lore% 2 Gallery% 6 Achievement% 7 Wizard Run 0 Options --------- Layout 1 ASCII 0 Keyboard 0 Movement Mouse Keybinds 0 Fullscreen 1 Font 24/Proggy Map View 50x35 Zoom Use 0% Tactical HUD 1 Map Filters NONE Filters NONE Steam 1 RUN: 8adf231f-6656-494c-8a2e-13cfa31f8247